 Dungeon Crawl Stone Soup version 0.14.0-17-gc0b17a5 (webtiles) character file.

177 staplegun the Shield-Bearer (level 4, -6/29 HPs)
             Began as a Gargoyle Fighter on Apr 18, 2014.
             Mangled by staplegun's ghost (12 damage)
             ... on Level 3 of the Dungeon.
             The game lasted 00:01:35 (1606 turns).

staplegun the Shield-Bearer (Gargoyle Fighter)      Turns: 1606, Time: 00:01:35

HP  -6/29        AC 10     Str 20      XL: 4   Next:  4%
MP   4/4         EV  6     Int  9      God:
Gold 117         SH 18     Dex  9      Spells:  0 memorised,  3 levels left

rFire  . . .     SeeInvis .     a - +0 flail
rCold  . . .     Clarity  .     b - +0 scale mail
rNeg   + . .     Conserve .     c - +0 shield
rPois  +         rCorr    .     (no helmet)
rElec  +         rRot     +     (no cloak)
SustAb . .       Spirit   .     (no gloves)
rMut   .         Warding  .     (no boots)
Saprov . . .     Stasis   .     (no amulet)
MR     .....                    (no ring)
                                (no ring)

@: not resistant to hostile enchantments, extremely unstealthy
A: life protection 1, electricity resistance, unbreathing, petrification
resistance, AC +3
a: no special abilities


You were on level 3 of the Dungeon.
You were near starving.

You visited 1 branch of the dungeon, and saw 3 of its levels.

You collected 117 gold pieces.

Inventory:

Hand weapons
 a - a +0,+0 flail (weapon)
Armour
 b - a +0 scale mail (worn)
 c - a +0 shield (worn)
 n - a +0 pair of gloves of archery
Comestibles
 d - a bread ration
 i - a meat ration
 k - 2 pears
Scrolls
 f - a scroll of enchant weapon II {unknown}
 g - a scroll of fear {unknown}
 j - a scroll of identify {unknown}
 l - 3 scrolls of remove curse {unknown}
 p - a scroll of fog {unknown}
 q - a scroll of noise {unknown}
 r - a scroll of enchant armour {unknown}
 u - a scroll of immolation {unknown}
Jewellery
 h - an uncursed amulet of resist corrosion {unknown}
Potions
 e - a potion of might
 m - a potion of heal wounds {unknown}
 o - a potion of curing {unknown}
 s - a potion of magic {unknown}
 t - a potion of agility {unknown}


   Skills:
 + Level 3.7 Fighting
 + Level 2.5 Maces & Flails
 + Level 3.8 Armour
 + Level 0.8 Dodging
 + Level 0.2 Stealth
 + Level 4.0 Shields


You had 3 spell levels left.
You didn't know any spells.

Dungeon Overview and Level Annotations

Branches:
Dungeon (3/15)

Altars:

Annotations:
D:3 staplegun's ghost, average GrFi


Innate Abilities, Weirdness & Mutations

You are resistant to torment.
You are immune to poison.
You are immune to rotting.
Your stone body is very resilient (AC +3).
You resist negative energy.
You are resistant to electric shocks.
You can survive without breathing.
You are immune to petrification.


Message History

* * * LOW HITPOINT WARNING * * *
You are too injured to fight recklessly!
You are too injured to fight recklessly!
You are too injured to fight recklessly!
You are too injured to fight recklessly!
You are too injured to fight recklessly!
You are too injured to fight recklessly!
You are too injured to fight recklessly!
You are too injured to fight recklessly!
You are too injured to fight recklessly!
You are too injured to fight recklessly!
You are too injured to fight recklessly!
You are too injured to fight recklessly!
You are too injured to fight recklessly!
You are too injured to fight recklessly!
You are too injured to fight recklessly!
You are too injured to fight recklessly!
You are too injured to fight recklessly!
Staplegun's ghost hits you!
You die...

#. .# ### . .. .. ..# .
#. .# #.# . . . #.# . .#.
#.# . #.# #.# .
###.####.#####.#########%
........p........).(..((#
###.####@#####.########(#
###.####.#####.# #.#
#........#.....########.#
................%...s....
........#.....########..
........#.....# #..
#........#.....# #..
...............# #..
########.#%....# #..


You could see staplegun's ghost.

Vanquished Creatures
  3 adders (D:2)
  A worm (D:2)
  4 bats
  A giant cockroach (D:3)
  7 hobgoblins
  2 ball pythons (D:2)
  A giant gecko (D:1)
  2 giant newts (D:1)
  2 goblins
  2 kobolds
  4 rats
29 creatures vanquished.

Notes
Turn   | Place    | Note
--------------------------------------------------------------
     0 | D:1      | staplegun, the Gargoyle Fighter, began the quest for the Orb.
     0 | D:1      | Reached XP level 1. HP: 14/14 MP: 1/1
   253 | D:1      | Reached XP level 2. HP: 13/19 MP: 2/2
   638 | D:2      | Reached XP level 3. HP: 16/24 MP: 3/3
  1147 | D:3      | Noticed staplegun's ghost (average GrFi)
  1405 | D:2      | Reached skill level 4 in Shields
  1405 | D:2      | Reached XP level 4. HP: 15/29 MP: 4/4
  1606 | D:3      | Mangled by staplegun's ghost

Action                   |  1- 3 |  4- 6 || total
-------------------------+-------+-------++-------
Melee: Flail             |   130 |    29 ||   159
